 Dungeon Crawl Stone Soup version 0.24.0-28-g17ded55e90 (webtiles) character file.

Game seed: 5737498882884443902, levelgen mode: deterministic

126 grindst0ne the Sneak (level 5, -4/33 HPs)
             Began as an Octopode Wizard on Nov 11, 2019.
             Slain by an ogre
             ... wielding a +0 giant club
              (27 damage)
             ... on level 3 of the Dungeon.
             The game lasted 00:08:55 (2556 turns).

grindst0ne the Sneak (Octopode Wizard)              Turns: 2556, Time: 00:08:55

Health: -4/33      AC:  1    Str:  7    XL:     5   Next: 9%
Magic:  10/10      EV: 13    Int: 21    God:
Gold:   116        SH:  0    Dex: 10    Spells: 5/11 levels left

rFire    + . .     SeeInvis .   g - +0 hand axe
rCold    . . .     Gourm    .   (no shield)
rNeg     . . .     Faith    .   a - +0 hat
rPois    .         Spirit   .   r - amulet of magic regeneration
rElec    .         Reflect  .   o - ring of protection from fire
rCorr    .         Harm     .   (no ring)
MR       .....                  (no ring)
Stlth    +++.......             (no ring)
HPRegen  0.11/turn              (no ring)
MPRegen  0.37/turn              (no ring)
                                (no ring)
                                (no ring)

@: no status effects
A: almost no armour, stealthy swim, amphibious, 8 rings, constrict 8, camouflage
1, gelatinous body 1
a: no special abilities


You were on level 3 of the Dungeon.
You were not hungry.

You visited 1 branch of the dungeon, and saw 3 of its levels.

You collected 116 gold pieces.

Inventory:

Hand Weapons
 g - a +0 hand axe (weapon)
Armour
 a - a +0 hat (worn)
Jewellery
 h - an uncursed ring of ice
 o - a ring of protection from fire (left tentacle)
 r - an amulet of magic regeneration (around mantle)
Scrolls
 d - a scroll of remove curse
 i - a scroll of teleportation {unknown}
 k - 4 scrolls of amnesia
 l - a scroll of magic mapping
 n - a scroll of fog
 v - a scroll of enchant armour {unknown}
Potions
 b - a potion of haste {unknown}
 e - a potion of flight
 f - a potion of curing
 m - a potion of magic {unknown}
 p - a potion of brilliance {unknown}
 q - a potion of ambrosia {unknown}
 s - a potion of agility
 t - a potion of lignification {unknown}
Comestibles
 c - 4 rations
 u - 3 chunks of flesh


   Skills:
 + Level 1.4 Fighting
 - Level 2.0 Dodging
 + Level 3.9 Stealth
 + Level 3.5 Spellcasting
 * Level 3.2 Conjurations
   Level 1.0 Summonings
 - Level 1.0 Translocations


You had 5 spell levels left.
You knew the following spells:

 Your Spells              Type           Power        Failure   Level  Hunger
a - Magic Dart            Conj           ###.         3%          1    None
b - Blink                 Tloc           N/A          13%         2    ##.....
c - Conjure Flame         Conj/Fire      ##......     21%         3    ###....

Your spell library contained the following spells:

 Spells                   Type           Power        Failure   Level  Hunger
 Call Imp                 Summ           #.......     13%         2    ##.....
 Slow                     Hex            #.......     19%         2    ##.....
 Mephitic Cloud           Conj/Pois/Air  #.......     24%         3    ###....


Dungeon Overview and Level Annotations

Branches:
Dungeon (3/15)

Altars:

Annotations:
D:1 exclusion: downstairs


Innate Abilities, Weirdness & Mutations

You cannot wear most types of armour.
You are very stealthy in the water. (Stealth+)
You are amphibious.
You can wear up to eight rings at the same time.
You can use your tentacles to constrict eight enemies at once.
Your skin changes colour to match your surroundings (Stealth+).
Your rubbery body absorbs attacks. (AC +1, EV +1)


Message History

The ogre is severely wounded.
The ogre closely misses you.
You hit the ogre but do no damage.
The ogre is severely wounded.
The ogre hits you with a +0 giant club!
Ouch! That really hurt!
Casting: Magic Dart (safe; 3% risk of failure)
Confirm with . or Enter, or press ? or * to list all spells.
Aiming: Magic Dart (safe; 3% risk of failure)
Press: ? - help, Shift-Dir - straight line, f/p - ogre
Aim: an ogre, wielding a +0 giant club (severely wounded)
The magic dart hits the ogre.
The ogre is severely wounded.
The ogre hits you with a +0 giant club!
* * * LOW HITPOINT WARNING * * *
There is a stone staircase leading up here.
You feel much better.
The ogre hits you with a +0 giant club!!
Ouch! That really hurt!
You die...

##.............## #..
#.(.............# ...
#...............##.#..
#..................#..
#...........)....###..
#...............####.. ..
#...............###..# ...
##...........<.#...... ...#
##..@........##...... .....
###O.#.#.#..##...).. ....###
#..#.#...###...... . ......###
#........##..##.## ....###...###
#....#....#.###.##
...!.......)###.#.........##....
..#.......#..#................##
..?........#..............#..##
.................>...........#


You could see an ogre.

Vanquished Creatures
  4 gnolls (D:2)
  3 adders
  A worm (D:2)
  A dart slug (D:2)
  6 leopard geckos
  3 giant cockroaches
  6 hobgoblins
  4 jackals
  A ball python (D:1)
  5 bats
  3 frilled lizards
  5 goblins
  5 kobolds
  5 rats
52 creatures vanquished.

Notes
Turn   | Place    | Note
-------+----------+-------------------------------------------
     0 | D:1      | grindst0ne the Octopode Wizard began the quest for the Orb.
     0 | D:1      | Reached XP level 1. HP: 11/11 MP: 4/4
   436 | D:1      | Reached XP level 2. HP: 17/17 MP: 3/6
   465 | D:1      | Learned a level 2 spell: Blink
   947 | D:1      | Reached XP level 3. HP: 22/22 MP: 1/7
  1404 | D:2      | Reached skill level 1 in Fighting
  1406 | D:2      | Reached XP level 4. HP: 27/28 MP: 2/9
  1418 | D:2      | Learned a level 3 spell: Conjure Flame
  2386 | D:3      | Reached XP level 5. HP: 33/33 MP: 6/10
  2532 | D:3      | Noticed an ogre
  2544 | D:3      | HP: 1/33 [ogre/+0 giant club (16)]
  2556 | D:3      | Slain by an ogre

Levels and vault maps discovered:
D:1:      dpeg_arrival_boxorama, layout_basic, minmay_misc_feat_room,
          solitary_fountain, st_stairs_11
D:2:      layout_basic, serial_forest, infiniplex_forest_clump_large,
          infiniplex_forest_corner_1, infiniplex_forest_clump_small,
          infiniplex_forest_lined_2, infiniplex_forest_clump_tiny,
          infiniplex_forest_join, first_ration
D:3:      layout_rooms, grunt_ministairs_15

Skill      XL: |  1  2  3  4 |
---------------+-------------+-----
Stealth        | 3 |  3.9
Conjurations   | 2 3 |  3.2
Fighting       | 1 |  1.4
Dodging        | |  2.0
Spellcasting   | |  3.5
Summonings     | |  1.0
Translocations | |  1.0

Action                   |  1- 3 |  4- 6 || total
-------------------------+-------+-------++-------
Melee: Unarmed           |    18 |       ||    18
       Constrict         |    10 |     5 ||    15
       Hand axe          |    18 |    17 ||    35
       Tentacles         |     4 |       ||     4
 Cast: Magic Dart        |    54 |    63 ||   117
  Use: Scroll            |       |     8 ||     8
       Potion            |       |     1 ||     1
 Stab: Sleeping          |     3 |       ||     3
  Eat: Chunk             |     1 |     4 ||     5
Armor: Skin              |     3 |       ||     3
Dodge: Dodged            |    24 |    22 ||    46
